 Dungeon Crawl Stone Soup version 0.28-a0-677-g3278d6a771 (webtiles) character file.

Game seed: 8807913931752056455

232 BlueGoblin the Nimble (level 5, -2/27 HPs)
             Began as a Spriggan Monk on Oct 18, 2021.
             Slain by Terence (12 damage)
             ... on level 3 of the Dungeon.
             The game lasted 00:08:05 (3758 turns).

BlueGoblin the Nimble (Spriggan Monk)               Turns: 3758, Time: 00:08:06

Health: -2/27      AC:  2    Str:  7    XL:     5   Next: 73%
Magic:  6/6        EV: 23    Int: 12    God:
Gold:   88         SH:  0    Dex: 18    Spells: 4/4 levels left

rFire   . . .      SeeInvis +   a - +0 short sword (freeze)
rCold   . . .      Faith    .   (shield restricted)
rNeg    . . .      Spirit   .   b - +0 robe
rPois   .          Reflect  .   (helmet restricted)
rElec   .          Harm     .   (no cloak)
rCorr   .          Rampage  .   (gloves unavailable)
Will    .....                   (boots unavailable)
Stlth   ++........              i - amulet of regeneration
HPRegen 1.09/turn               (no ring)
MPRegen 0.10/turn               (no ring)

@: very quick
A: very small, no large weapons, unfitting armour, see invisible, speed 3
a: no special abilities


You were on level 3 of the Dungeon.
You visited 1 branch of the dungeon, and saw 3 of its levels.

You collected 88 gold pieces.

Inventory:

Hand Weapons
 a - a +0 short sword of freezing (weapon)
 d - a +0 short sword
Missiles
 l - 17 poisoned darts (quivered)
Armour
 b - a +0 robe (worn)
Jewellery
 i - an amulet of regeneration (around neck)
Scrolls
 e - a scroll of amnesia {unknown}
 h - 2 scrolls of noise {unknown}
 j - a scroll of torment {unknown}
 k - a scroll of fear {unknown}
Potions
 c - a potion of degeneration {unknown}
 f - a potion of flight {unknown}
 g - a potion of curing


   Skills:
 - Level 2.4 Fighting
 - Level 3.2 Short Blades
 * Level 8.6 Dodging
 - Level 3.0 Stealth


You had 4 spell levels left.
You didn't know any spells.
Your spell library contained the following spells:

 Spells                   Type           Power      Damage    Failure   Level
 Shock                    Conj/Air       0%         1d3       32%         1
 Flame Wave               Conj/Fire      0%         3d3       97%         4
 Hailstorm                Conj/Ice       0%         3d3       97%         4
 Excruciating Wounds      Necr           0%         N/A       100%        5
 Iron Shot                Conj/Erth      0%         9d1       100%        6


Dungeon Overview and Level Annotations

Branches:
Dungeon (3/15)

Altars:
Kikubaaqudgha

Annotations:
D:3 Grinder, Terence


Innate Abilities, Weirdness & Mutations

You are very small and have problems with some larger weapons.
You are too small for most types of armour.
You have supernaturally acute eyesight. (SInv)
You cover ground extremely quickly. (Speed+++)


Message History

Terence is severely wounded.
Terence closely misses you.
You barely miss Terence.
Terence is severely wounded.
Terence hits you with a +3 hand axe of electrocution.
You hit Terence but do no damage.
Terence is severely wounded.
Terence completely misses you.
You hit Terence but do no damage.
Terence is severely wounded.
Terence misses you.
You closely miss Terence.
Terence is severely wounded.
Terence hits you with a +3 hand axe of electrocution.
You hit Terence but do no damage.
Terence is severely wounded.
Terence completely misses you.
You barely miss Terence.
Terence is severely wounded.
Terence completely misses you.
You hit Terence. You freeze Terence.
Terence is almost dead.
Terence completely misses you.
You hit Terence but do no damage.
Terence is almost dead.
Terence misses you.
You barely miss Terence.
Terence is almost dead.
Terence completely misses you.
You hit Terence but do no damage.
Terence is almost dead.
Terence hits you with a +3 hand axe of electrocution!
You closely miss Terence.
Terence is almost dead.
Terence barely misses you.
You hit Terence but do no damage.
Terence is almost dead.
Terence hits you with a +3 hand axe of electrocution!
You are electrocuted!
You die...

... ## ..# ..## #..####..##
.........# #.#.......####.
#.#>........... #.#.........#
#.#.......#.###.## ..#
#.#....@@......... ...#
#.#...................
#.#...............##.###
##########.#............#........
#.....#.....##....<......##......
.............#...................
.................................
...................)..........<..
..............##.##..............


You could see Terence.

Vanquished Creatures
  A black bear (D:2)
  Natasha (D:2)
  5 gnolls
  2 adders
  2 worms (D:2)
  A dart slug (D:1)
  2 endoplasms (D:2)
  A giant cockroach (D:2)
  2 hobgoblins
  2 jackals (D:1)
  3 quokkas
  3 ball pythons
  5 bats
  2 frilled lizards (D:1)
  5 goblins
  9 kobolds
  3 rats
49 creatures vanquished.

Notes
Turn   | Place    | Note
-------+----------+-------------------------------------------
     0 | D:1      | BlueGoblin the Spriggan Monk began the quest for the Orb.
     0 | D:1      | Reached XP level 1. HP: 11/11 MP: 2/2
    87 | D:1      | Reached XP level 2. HP: 16/16 MP: 3/3
   109 | D:1      | Reached skill level 5 in Dodging
   661 | D:1      | Reached XP level 3. HP: 11/19 MP: 4/4
  1124 | D:2      | Noticed a black bear
  1246 | D:2      | Reached skill level 6 in Dodging
  1751 | D:2      | Noticed Natasha
  2158 | D:2      | Killed Natasha
  2159 | D:2      | Reached XP level 4. HP: 11/23 MP: 5/5
  2571 | D:2      | Found a faded altar of an unknown god.
  2874 | D:1      | Reached skill level 7 in Dodging
  3195 | D:2      | Killed a black bear
  3196 | D:2      | Reached skill level 8 in Dodging
  3196 | D:2      | Reached XP level 5. HP: 27/27 MP: 6/6
  3346 | D:2      | Got Sif Muna's Handbook of Damaging Stolen Souls
  3413 | D:3      | Found an ancient bone altar of Kikubaaqudgha.
  3418 | D:3      | Noticed Grinder
  3590 | D:3      | Noticed Terence
  3758 | D:3      | Slain by Terence

Illustrated notes

Levels and vault maps discovered:
D:1:      heliophobic_arrival_battle_scene, layout_loops_cross
D:2:      layout_rooms, ebering_ecumenical_altar_box, uniq_natasha
D:3:      layout_rooms, lemuel_doored_altar, mainiacjoe_overflow_alcove_4,
          uniq_terence, uniq_grinder

Skill      XL: |  1  2  3  4 |
---------------+-------------+-----
Dodging        | 5 6 8 |  8.6
Fighting       | |  2.4
Short Blades   | |  3.2
Stealth        | |  3.0

Action                   |  1- 3 |  4- 6 || total
-------------------------+-------+-------++-------
Melee: Short sword       |    99 |   165 ||   264
  Use: Scroll            |     1 |       ||     1
 Stab: Sleeping          |    12 |       ||    12
       Distracted        |       |     2 ||     2
Armor: Robe              |     6 |     8 ||    14
Dodge: Dodged            |    74 |   184 ||   258

Table legend: (Time is in decaauts)
 A = Elapsed time spent in this place.
 B = Non-inter-level travel time spent in this place.
 C = Inter-level travel time spent in this place.
 D = Time resting spent in this place.
 E = Time spent auto-exploring this place.
 F = Levels seen in this place.
 G = Mean time per level.
                   A        B        C        D        E       F      G
               +--------+--------+--------+--------+--------+-----+--------+
         Total |   3045 |   2913 |    132 |   1418 |    639 |   3 | 1015.0 |
       Dungeon |   3045 |   2913 |    132 |   1418 |    639 |   3 | 1015.0 |
               +--------+--------+--------+--------+--------+-----+--------+

Top non-repeatable levels by time:
     D:1: 2283 daAuts
     D:2: 474 daAuts
     D:3: 287 daAuts
